 Dungeon Crawl Stone Soup version 0.23-a0-890-gc183402 (webtiles) character file.

Game seed: 15505673433912971959

93 galech the Skirmisher (level 4, -4/37 HPs)
             Began as a Demonspawn Fighter on Jan 28, 2019.
             Was an Initiate of Okawaru.
             Slain by a gnoll
             ... wielding a +0 halberd
              (5 damage)
             ... on level 2 of the Dungeon.
             The game lasted 00:01:28 (1382 turns).

galech the Skirmisher (Demonspawn Fighter)          Turns: 1382, Time: 00:01:29

Health: -4/37      AC:  6    Str: 16    XL:     4   Next: 37%
Magic:  4/4        EV:  7    Int:  9    God:    Okawaru [......]
Gold:   80         SH:  9    Dex: 14    Spells: 3/3 levels left

rFire    . . .     SeeInvis .   a - +0 war axe
rCold    . . .     Gourm    .   c - +0 shield
rNeg     . . .     Faith    .   b - +0 scale mail
rPois    .         Spirit   .   (helmet restricted)
rElec    .         Reflect  .   (no cloak)
rCorr    .         Harm     .   (no gloves)
MR       .....                  (no boots)
Stlth    ..........             (no amulet)
HPRegen  0.12/turn              (no ring)
MPRegen  0.09/turn              (no ring)

@: no status effects
A: horns 1
a: Renounce Religion


You were on level 2 of the Dungeon.
You worshipped Okawaru.
Okawaru was noncommittal.
You were not hungry.

You visited 1 branch of the dungeon, and saw 2 of its levels.

You collected 80 gold pieces.

Inventory:

Hand Weapons
 a - a +0 war axe (weapon)
Armour
 b - a +0 scale mail (worn)
 c - a +0 shield (worn)
Scrolls
 e - 2 scrolls of identify {unknown}
 i - a scroll of enchant armour {unknown}
 l - a scroll of blinking {unknown}
Potions
 d - a potion of might
 g - 2 potions of magic {unknown}
 h - 2 potions of lignification {unknown}
 k - a potion of heal wounds {unknown}
Comestibles
 f - 2 rations
 j - a chunk of flesh


   Skills:
 + Level 3.7 Fighting
 + Level 2.8 Axes
 + Level 3.0 Armour
 + Level 0.5 Dodging
 + Level 3.2 Shields


You had 3 spell levels left.
You didn't know any spells.
Your spell library was empty.

Dungeon Overview and Level Annotations

Branches:
Dungeon (2/15)

Altars:
Elyvilon
Gozag
Okawaru


Innate Abilities, Weirdness & Mutations

You have a pair of small horns on your head.


Message History

Okawaru accepts your kill. The gnoll hits you with a +0 halberd.
* * * LOW HITPOINT WARNING * * *
You hit the gnoll but do no damage.
The gnoll is moderately wounded.
The gnoll barely misses you. You block the gnoll's attack.
You hit the gnoll but do no damage.
The gnoll is moderately wounded.
You block the gnoll's attack.
You hit the gnoll.
The gnoll is heavily wounded.
The gnoll hits you with a +0 halberd.
* * * LOW HITPOINT WARNING * * *
You barely miss the gnoll.
The gnoll is heavily wounded.
The gnoll closely misses you.
You hit the gnoll.
The gnoll is severely wounded.
The gnoll hits you with a +0 halberd.
You die...

#.#............#
#.#............#
####.#............#
###....#............#
#...................###
##....._..#.#####......##
..........#.#####........
.._..8...g........#.#####
#.......@)#.#######.#
.#....._)<..# #.#
#.....(.##########.#
#.#................#
..####.#.....#######
#.#.....# #.#.....#
#......# .
###.#.....##### #......#
.##..............


You could see a gnoll.

Vanquished Creatures
  3 gnolls
  5 dart slugs (D:1)
  2 leopard geckos
  2 ball pythons
  A giant cockroach (D:2)
  4 hobgoblins
  11 jackals
  A bat (D:1)
  3 frilled lizards
  6 goblins
  11 kobolds
  2 rats (D:2)
51 creatures vanquished.

Notes
Turn   | Place    | Note
-------+----------+-------------------------------------------
     0 | D:1      | galech the Demonspawn Fighter began the quest for the Orb.
     0 | D:1      | Reached XP level 1. HP: 18/18 MP: 1/1
    97 | D:1      | Gained mutation: You have a pair of small horns on your
                  | head. [demonic ancestry]
    97 | D:1      | Reached XP level 2. HP: 18/24 MP: 2/2
   497 | D:1      | Reached XP level 3. HP: 29/29 MP: 3/3
  1108 | D:2      | Found an iron altar of Okawaru.
  1114 | D:2      | Found an opulent altar of Gozag.
  1114 | D:2      | Found a white marble altar of Elyvilon.
  1123 | D:2      | Became a worshipper of Warmaster Okawaru
  1199 | D:2      | Reached XP level 4. HP: 36/37 MP: 4/4
  1380 | D:2      | HP: 1/37 [gnoll/+0 halberd (3)]
  1382 | D:2      | Slain by a gnoll

Vault maps used:
D:1:      dpeg_arrival_shrine, minmay_door_square, minmay_pentomino_u2
D:2:      grunt_temple_overflow_open, okawaru_altar_gauntlet_db

Skill      XL: |  1  2  3  4 |
---------------+-------------+-----
Shields        | 3 |  3.2
Axes           | 2 |  2.8
Armour         | 3 |  3.0
Fighting       | |  3.7
Dodging        | |  0.5

Action                   |  1- 3 |  4- 6 || total
-------------------------+-------+-------++-------
Melee: War axe           |    94 |    21 ||   115
       Headbutt          |    15 |     3 ||    18
  Eat: Chunk             |     1 |     1 ||     2
Armor: Scale mail        |    58 |    17 ||    75
Dodge: Dodged            |    24 |    11 ||    35
Block: Shield            |    53 |    14 ||    67

Table legend:
 A = Non-vault XP
 B = Vault XP
 C = Vault XP percentage of total XP
 D = Non-vault monster count
 E = Vault monster count
 F = Vault count percentage of total count
                 A         B        C        D         E       F
            +---------+---------+-------+---------+---------+-------
      Total |     133 |       1 |   0.7 |      50 |       1 |   2.0
            +---------+---------+-------+---------+---------+-------
        D:1 |      71 |       1 |   1.4 |      29 |       1 |   3.3
        D:2 |      62 |       0 |   0.0 |      21 |       0 |   0.0
            +---------+---------+-------+---------+---------+-------
